 Dungeon Sprint DCSS version 0.15-a0-1619-g29500c9 (webtiles) character file.

15330 PolkaDot the Brawler (level 12, -12/115 HPs)
             Began as a Troll Death Knight on June 20, 2014.
             Was the Champion of Yredelemnul.
             Mangled by a shock serpent (16 damage)
             ... in the Dungeon (Sprint IX: "|||||||||||||||||||||||||||||").
             The game lasted 00:17:58 (2411 turns).

PolkaDot the Brawler (Troll Death Knight)           Turns: 2411, Time: 00:17:59

HP -12/115       AC  8     Str 27      XL: 12   Next:  0%
MP  24/24        EV 18     Int  4 (7)  God: Yredelemnul [******]
Gold 1792        SH  0     Dex 13      Spells:  0 memorised, 11 levels left

rFire  + . .     SeeInvis .       - Unarmed
rCold  + . .     Clarity  .     x - +2 robe {rC+ rF+}
rNeg   . . .     rCorr    .     (shield restricted)
rPois  .         rRot     .     (helmet restricted)
rElec  .         Spirit   .     m - +0 cloak
SustAb .         Warding  .     (gloves unavailable)
rMut   .         NoTele   +     (boots unavailable)
Gourm  +                        q - amulet of rage
MR     .....                    o - +2 ring of evasion
                                n - +3 ring of strength

@: wreathed by umbra, not resistant to hostile enchantments, unstealthy
A: unfitting armour, claws 3, fast metabolism 3, gourmand, regeneration 2,
saprovore 2, shaggy fur 1, tough skin 2
a: Animate Dead, Recall Undead Slaves, Injury Mirror, Drain Life, Enslave Soul,
Renounce Religion, Evoke Berserk Rage


You were in the Dungeon.
You worshipped Yredelemnul.
Yredelemnul was exalted by your worship.
You were very full.

You visited 1 branch You collected 1923 gold pieces.
You spent 131 gold pieces at shops.

Inventory:

Armour
 m - a +0 cloak (worn)
 x - a +2 robe of resistance (worn)
 z - a +0 swamp dragon armour
Magical devices
 l - a wand of draining (7)
Comestibles
 a - 14 meat rations
 p - 40 fruits
 v - 12 bread rations
 C - 3 rotting chunks of troll flesh {@w1}
Scrolls
 h - 2 scrolls of blinking
 j - 4 scrolls of remove curse
 k - 2 scrolls of amnesia
 r - 2 scrolls of fog
 s - a scroll of recharging
 t - 3 scrolls of fear
 u - 3 scrolls of identify
 B - 2 scrolls of enchant weapon
Jewellery
 b - an uncursed ring of fire
 n - a +3 ring of strength (left claw)
 o - a +2 ring of evasion (right claw)
 q - an amulet of rage (around neck)
 w - an uncursed ring of ice
 y - an uncursed ring of fire
Potions
 c - 2 potions of curing
 d - 6 potions of heal wounds
 e - 3 potions of haste
 f - 4 potions of magic
 g - a potion of berserk rage
 i - a potion of invisibility
 A - a potion of restore abilities


   Skills:
 - Level 6.4 Fighting
 + Level 12.8 Dodging
 * Level 20.8 Unarmed Combat
 + Level 11.7 Invocations


You had 11 spell levels left.
You didn't know any spells.

Dungeon Overview and Level Annotations

Branches:
Dungeon (1/1)

Altars:
Cheibriados
Dithmenos
Elyvilon
Fedhas
Gozag
Kikubaaqudgha
Makhleb
Nemelex Xobeh
Okawaru
Qazlal
Sif Muna
Trog
Vehumet
Xom
Yredelemnul
Zin
The Shining One
Beogh
Jiyva
Lugonu

Shops:
D !*?*


Innate Abilities, Weirdness & Mutations

You are too large for most types of armour.
You have claws for hands.
Your metabolism is lightning-fast.
You like to eat raw meat.
You heal very quickly.
You can eat rotten meat.
You are covered in fur (AC +1).
You have very tough skin (AC +2).


Message History

The naga mage seems to speed up.
The shock serpent shoots out a bolt of electricity!
The bolt of electricity misses your profane servitor.
The bolt of electricity hits you!
* * * LOW HITPOINT WARNING * * *
The bolt of electricity hits your ghoul.
The bolt of electricity hits your death cob.
Your death cob appears unharmed.
The bolt of electricity hits your death cob.
The bolt of electricity hits your skeletal warrior.
Your skeletal warrior is destroyed!
The shock serpent looks stronger.
The bolt of electricity hits your flayed ghost.
The bolt of electricity hits your wraith.
Your flayed ghost waves at you.
Your profane servitor hits the shock serpent with a glowing whip!
The shock serpent's electric aura discharges!
The lightning shocks you.
You die...
Your body rises from the dead as a mindless zombie.

▓N▓.▓W▓.▓Z▓.▓'▓.▓_
▓N▓.▓)▓.▓z▓.▓.▓.▓_
▓.▓Z▓)▓.▓V▓.▓M▓.▓_
▓S▓.▓)▓.▓Z▓.▓Z▓.▓'
▓S▓Z▓)▓.▓)▓.▓M▓.▓.
▓S▓.▓)▓.▓)▓.▓Z▓.▓.
▓S▓.▓)▓.▓)▓.▓Z▓.▓.
▓A▓.▓.▓.▓)▓.▓Z▓.▓.
▓@▓Z▓.▓.▓'▓.▓(▓.▓.
▓n▓.▓.▓.▓.▓.▓.▓.▓)
▓%▓.▓=▓.▓.▓.▓.▓.▓.
▓%▓Z▓.▓.▓.▓.▓.▓.▓.
▓W▓.▓'▓.▓.▓.▓.▓.▓.
▓.▓.▓.▓.▓.▓.▓.▓.▓.
▓W▓z▓z▓z▓.▓.▓'▓.▓.
▓z▓%▓.▓.▓.▓.▓.▓.▓)
▓z▓.▓W▓%▓.▓.▓.▓.▓.


You could see a shock serpent (bleeding), 2 black mambas, a naga mage, a water
moccasin, a naga, a friendly profane servitor, a friendly ghoul, 2 friendly
skeletal warriors, 2 friendly death cobs, a friendly flayed ghost and a friendly
wraith.

Vanquished Creatures
  A dire elephant (D)
  Harold (D)
  A hydra (D)
  Erica (D)
  A centaur warrior (D)
  An orc high priest (D)
  3 lindwurms (D)
  An orc knight (D)
  5 orc sorcerers (D)
  A naga mage (D)
  An iron devil (D)
  2 spiny frogs (D)
  Psyche (D)
  A kobold demonologist (D)
  A troll (D)
  A slime creature (D)
  A vampire mosquito (D)
  A wyvern (D)
  A yak (D)
  A hippogriff (D)
  A porcupine (D)
  7 orc warriors (D)
  An ice beast (D)
  A big kobold (D)
  2 crocodiles (D)
  2 giant frogs (D)
  3 brain worms (D)
  A scorpion (D)
  A jelly (D)
  3 hounds (D)
  An orc priest (D)
  10 orc wizards (D)
  2 adders (D)
  3 worms (D)
  An adder skeleton (D)
  An adder zombie (D)
  5 orcs (D)
  2 bats (D)
  2 giant cockroaches (D)
  A hobgoblin (D)
  A kobold (D)
  A quokka (D)
  A goblin (D)
  2 rats (D)
82 creatures vanquished.

Vanquished Creatures (collateral kills)
  An ettin (D)
  A ghost crab (shapeshifter) (D)
  A centaur warrior (D)
  Erolcha (D)
  An orc knight (D)
  An orc sorcerer (D)
  A black mamba (D)
  A spiny frog (D)
  A hellwing (D)
  A troll (shapeshifter) (D)
  A wandering mushroom (D)
  A mottled dragon (D)
  A porcupine (D)
  A water moccasin (D)
  5 orc warriors (D)
  A yellow wasp (D)
  A quasit (D)
  An orc wizard (D)
  An adder (D)
  A green rat (D)
  2 orc zombies (D)
26 creatures vanquished.

Vanquished Creatures (others)
  A fire dragon (D)
  A death cob (D)
  A tengu warrior (D)
  2 skeletal warriors (D)
  2 phantasmal warriors (D)
  3 flying skulls (D)
  2 vampires (D)
  A water moccasin zombie (D)
  A wight (D)
  An orc wizard (D)
  A mummy (D)
  An adder zombie (D)
17 creatures vanquished.

Grand Total: 125 creatures vanquished

Notes
Turn   | Place    | Note
--------------------------------------------------------------
     0 | D        | PolkaDot, the Troll Death Knight, began the quest for the Orb.
     0 | D        | Reached XP level 1. HP: 19/19 MP: 1/1
     7 | D        | Reached skill level 3 in Unarmed Combat
     9 | D        | Acquired Yredelemnul's second power
    45 | D        | Noticed an ice beast
    45 | D        | Noticed a hound
    55 | D        | Killed a hound
    55 | D        | Reached skill level 6 in Unarmed Combat
    55 | D        | Reached XP level 2. HP: 15/27 MP: 1/1
    55 | D        | Reached XP level 3. HP: 18/33 MP: 3/3
    56 | D        | Acquired Yredelemnul's third power
    61 | D        | Reached skill level 7 in Unarmed Combat
    69 | D        | Killed an ice beast
    69 | D        | Reached skill level 9 in Unarmed Combat
    69 | D        | Reached XP level 4. HP: 13/41 MP: 3/3
    69 | D        | Received a gift from Yredelemnul
   126 | D        | Found a glowing silver altar of Zin.
   126 | D        | Found a glowing golden altar of the Shining One.
   126 | D        | Found an ancient bone altar of Kikubaaqudgha.
   126 | D        | Found a basalt altar of Yredelemnul.
   126 | D        | Found a shimmering altar of Xom.
   126 | D        | Found a radiant altar of Vehumet.
   126 | D        | Found an iron altar of Okawaru.
   127 | D        | Found a burning altar of Makhleb.
   128 | D        | Found a deep blue altar of Sif Muna.
   129 | D        | Found a bloodstained altar of Trog.
   130 | D        | Found a sparkling altar of Nemelex Xobeh.
   131 | D        | Found a white marble altar of Elyvilon.
   132 | D        | Found a roughly hewn altar of Beogh.
   133 | D        | Found a viscous altar of Jiyva.
   134 | D        | Found a corrupted altar of Lugonu.
   135 | D        | Found a blossoming altar of Fedhas.
   136 | D        | Found a snail-covered altar of Cheibriados.
   137 | D        | Found a shadowy altar of Dithmenos.
   138 | D        | Found a stormy altar of Qazlal.
   139 | D        | Found an opulent altar of Gozag.
   173 | D        | Noticed a scorpion
   173 | D        | Noticed a hound
   173 | D        | Noticed a big kobold
   173 | D        | Noticed a yak
   178 | D        | Killed a yak
   178 | D        | Reached skill level 12 in Unarmed Combat
   178 | D        | Reached XP level 5. HP: 38/48 MP: 3/3
   180 | D        | Acquired Yredelemnul's fourth power
   180 | D        | Received a gift from Yredelemnul
   183 | D        | Killed a big kobold
   183 | D        | Reached skill level 13 in Unarmed Combat
   183 | D        | Reached XP level 6. HP: 45/55 MP: 5/5
   186 | D        | Killed a hound
   192 | D        | Killed a scorpion
   192 | D        | Acquired Yredelemnul's fifth power
   192 | D        | Received a gift from Yredelemnul
   215 | D        | Noticed a giant frog
   215 | D        | Noticed a slime creature
   215 | D        | Noticed a wyvern
   215 | D        | Noticed a hippogriff
   220 | D        | Killed a hippogriff
   220 | D        | Reached skill level 14 in Unarmed Combat
   220 | D        | Reached XP level 7. HP: 55/62 MP: 3/5
   221 | D        | Killed a wyvern
   221 | D        | Reached skill level 15 in Unarmed Combat
   228 | D        | Killed a slime creature
   228 | D        | Reached skill level 16 in Unarmed Combat
   233 | D        | Killed a giant frog
   451 | D        | Noticed a yellow wasp
   451 | D        | Noticed a hound
   451 | D        | Noticed a porcupine
   451 | D        | Noticed a giant frog
   451 | D        | Noticed a spiny frog
   451 | D        | Noticed a crocodile
   453 | D        | Killed a crocodile
   460 | D        | Noticed a porcupine
   460 | D        | Killed a spiny frog
   460 | D        | Reached XP level 8. HP: 13/79 MP: 5/5
   464 | D        | Killed a giant frog
   464 | D        | Reached skill level 5 in Fighting
   465 | D        | Killed a porcupine
   468 | D        | Killed a hound
   468 | D        | Received a gift from Yredelemnul
   474 | D        | Paralysed by a yellow wasp for 3 turns
   483 | D        | Killed a yellow wasp
   491 | D        | Killed a porcupine
   714 | D        | Noticed a spiny frog
   714 | D        | Noticed a water moccasin
   714 | D        | Noticed a wandering mushroom
   714 | D        | Noticed a black mamba
   715 | D        | Noticed a spiny frog
   722 | D        | Killed a black mamba
   722 | D        | Reached skill level 17 in Unarmed Combat
   730 | D        | Killed a wandering mushroom
   730 | D        | Reached XP level 9. HP: 29/92 MP: 7/7
   733 | D        | Noticed a crocodile
   735 | D        | Killed a water moccasin
   758 | D        | Killed a spiny frog
   758 | D        | Reached skill level 5 in Dodging
   758 | D        | Received a gift from Yredelemnul
   767 | D        | Killed a spiny frog
   778 | D        | Killed a crocodile
   778 | D        | Received a gift from Yredelemnul
   892 | D        | Noticed a lindwurm
   892 | D        | Noticed a brain worm
   892 | D        | Noticed a lindwurm
   892 | D        | Noticed a brain worm
   892 | D        | Noticed a lindwurm
   895 | D        | Noticed a brain worm
   900 | D        | Killed a lindwurm
   903 | D        | Killed a brain worm
   906 | D        | Received a gift from Yredelemnul
   910 | D        | Killed a lindwurm
   913 | D        | Killed a brain worm
   913 | D        | Reached skill level 18 in Unarmed Combat
   923 | D        | Killed a lindwurm
   923 | D        | Reached XP level 10. HP: 55/100 MP: 7/7
   927 | D        | Killed a brain worm
   927 | D        | Received a gift from Yredelemnul
  1028 | D        | Noticed Erolcha
  1029 | D        | Paralysed by Erolcha for 7 turns
  1037 | D        | Killed Erolcha
  1037 | D        | Reached skill level 10 in Dodging
  1075 | D        | Noticed an orc priest
  1075 | D        | Noticed an orc wizard
  1075 | D        | Noticed an orc wizard
  1075 | D        | Noticed an orc warrior
  1075 | D        | Noticed an orc wizard
  1076 | D        | Noticed an orc warrior
  1081 | D        | Killed an orc wizard
  1087 | D        | Killed an orc warrior
  1093 | D        | Noticed an orc high priest
  1093 | D        | Killed an orc warrior
  1093 | D        | Received a gift from Yredelemnul
  1095 | D        | Killed an orc wizard
  1096 | D        | Noticed an orc wizard
  1098 | D        | Killed an orc wizard
  1098 | D        | Received a gift from Yredelemnul
  1099 | D        | Noticed an orc warrior
  1102 | D        | Killed an orc priest
  1105 | D        | Received a gift from Yredelemnul
  1115 | D        | Killed an orc high priest
  1115 | D        | Received a gift from Yredelemnul
  1118 | D        | Killed an orc wizard
  1120 | D        | Killed an orc warrior
  1225 | D        | Noticed an orc warrior
  1225 | D        | Noticed an orc warrior
  1225 | D        | Noticed an orc warrior
  1225 | D        | Noticed an orc wizard
  1225 | D        | Noticed an orc warrior
  1225 | D        | Noticed an orc knight
  1225 | D        | Noticed an orc warrior
  1226 | D        | Noticed an orc warrior
  1234 | D        | Killed an orc knight
  1234 | D        | Reached skill level 5 in Invocations
  1234 | D        | Received a gift from Yredelemnul
  1235 | D        | Noticed an orc warrior
  1238 | D        | Killed an orc warrior
  1242 | D        | Killed an orc warrior
  1243 | D        | Noticed an orc warrior
  1246 | D        | Killed an orc warrior
  1247 | D        | Noticed an orc warrior
  1248 | D        | Killed an orc warrior
  1248 | D        | Received a gift from Yredelemnul
  1248 | D        | Received a gift from Yredelemnul
  1249 | D        | Noticed an orc knight
  1249 | D        | Killed an orc warrior
  1251 | D        | Killed an orc warrior
  1251 | D        | Killed an orc warrior
  1252 | D        | Killed an orc warrior
  1254 | D        | Killed an orc warrior
  1263 | D        | Killed an orc knight
  1265 | D        | Killed an orc wizard
  1653 | D        | Found Tearod's Assorted Antiques.
  1653 | D        | Noticed an orc wizard
  1653 | D        | Noticed an orc wizard
  1653 | D        | Noticed an orc wizard
  1653 | D        | Noticed an orc wizard
  1653 | D        | Noticed an orc wizard
  1653 | D        | Noticed an orc sorcerer
  1655 | D        | Killed an orc sorcerer
  1655 | D        | Reached skill level 19 in Unarmed Combat
  1656 | D        | Noticed an orc wizard
  1656 | D        | Killed an orc wizard
  1657 | D        | Found Niata's Magic Scroll Shop.
  1661 | D        | Killed an orc wizard
  1663 | D        | Killed an orc wizard
  1667 | D        | Killed an orc wizard
  1667 | D        | Received a gift from Yredelemnul
  1668 | D        | Found Prozema's Assorted Antiques.
  1673 | D        | Killed an orc wizard
  1674 | D        | Noticed an orc sorcerer
  1675 | D        | Killed an orc wizard
  1676 | D        | Found Stroum's Distillery.
  1676 | D        | Noticed an orc sorcerer
  1677 | D        | Noticed an orc wizard
  1678 | D        | Noticed an orc sorcerer
  1679 | D        | Noticed an orc sorcerer
  1680 | D        | Killed an orc sorcerer
  1680 | D        | Received a gift from Yredelemnul
  1687 | D        | Noticed a soul eater
  1688 | D        | Killed an orc sorcerer
  1688 | D        | Reached XP level 11. HP: 47/107 MP: 19/19
  1693 | D        | Killed an orc sorcerer
  1695 | D        | Noticed an orc sorcerer
  1696 | D        | Killed an orc sorcerer
  1696 | D        | Received a gift from Yredelemnul
  1698 | D        | Killed an orc wizard
  1714 | D        | Killed an orc sorcerer
  1818 | D        | Bought a glass ring for 115 gold pieces
  1818 | D        | Bought a glowing robe for 16 gold pieces
  1851 | D        | Noticed Erica
  1862 | D        | Killed Erica
  1862 | D        | Reached skill level 10 in Invocations
  1862 | D        | Received a gift from Yredelemnul
  1862 | D        | Received a gift from Yredelemnul
  1866 | D        | Noticed Psyche
  1871 | D        | Killed Psyche
  2003 | D        | Noticed a four-headed hydra
  2003 | D        | Noticed a kobold demonologist
  2003 | D        | Noticed a jelly
  2003 | D        | Noticed a troll
  2003 | D        | Noticed a vampire mosquito
  2003 | D        | Noticed a centaur warrior
  2004 | D        | Noticed a mottled dragon
  2008 | D        | Killed a centaur warrior
  2014 | D        | Killed a vampire mosquito
  2017 | D        | Noticed an ettin
  2019 | D        | Killed a troll
  2020 | D        | Killed a jelly
  2022 | D        | Noticed a dire elephant
  2022 | D        | Killed a kobold demonologist
  2026 | D        | Killed a six-headed hydra
  2026 | D        | Received a gift from Yredelemnul
  2027 | D        | Noticed a fire dragon
  2029 | D        | Noticed a tengu warrior
  2030 | D        | Killed a mottled dragon
  2030 | D        | Reached skill level 20 in Unarmed Combat
  2032 | D        | Killed an ettin
  2033 | D        | Noticed a centaur warrior
  2033 | D        | Noticed a ghost crab
  2033 | D        | a mana viper changed into a ghost crab
  2043 | D        | Killed a tengu warrior
  2043 | D        | Killed a fire dragon
  2044 | D        | Killed a dire elephant
  2051 | D        | Killed a ghost crab
  2052 | D        | Killed a centaur warrior
  2053 | D        | Received a gift from Yredelemnul
  2053 | D        | Noticed a troll
  2055 | D        | Killed a troll
  2208 | D        | Noticed Harold
  2221 | D        | Killed Harold
  2397 | D        | Noticed a naga mage
  2397 | D        | Noticed a naga
  2397 | D        | Noticed a black mamba
  2397 | D        | Noticed a black mamba
  2397 | D        | Noticed a shock serpent
  2397 | D        | Noticed a water moccasin
  2397 | D        | Noticed a naga mage
  2402 | D        | Killed a naga mage
  2402 | D        | Reached XP level 12. HP: 115/115 MP: 24/24
  2402 | D        | Received a gift from Yredelemnul
  2403 | D        | Noticed an anaconda
  2405 | D        | Noticed a black mamba
  2411 | D        | HP: 4/115 [shock serpent/bolt of electricity (26)]
  2411 | D        | Mangled by a shock serpent

Action                   |  1- 3 |  4- 6 |  7- 9 | 10-12 || total
-------------------------+-------+-------+-------+-------++-------
Melee: Unarmed           |    29 |    23 |    77 |   141 ||   270
Invok: Animate Dead      |       |     1 |     4 |     9 ||    14
       Drain Life        |       |       |       |     6 ||     6
 Abil: Evoke Berserk Rag |       |       |     1 |       ||     1
  Use: Potion            |       |       |    12 |       ||    12
